 Dungeon Crawl Stone Soup version 0.23.1-37-gaa34b87 (webtiles) character file.

Game seed: 8163426502342807302

144 Irenicus the Digger (level 5, 0/42 HPs)
             Began as a Deep Dwarf Earth Elementalist on Mar 22, 2019.
             Slain by an ice beast (10 damage)
             ... on level 3 of the Dungeon.
             The game lasted 00:09:45 (1509 turns).

Irenicus the Digger (Deep Dwarf Earth Elementalist) Turns: 1509, Time: 00:09:45

Health: 0/42       AC:  4    Str: 12    XL:     5   Next: 5%
Magic:  3/9        EV: 12    Int: 16    God:
Gold:   120        SH:  0    Dex: 13    Spells: 4/10 levels left

rFire    . . .     SeeInvis +   s - +1 halberd (vamp) {!w}
rCold    . . .     Gourm    .   (shield currently unavailable)
rNeg     . . .     Faith    .   g - +0 leather armour
rPois    .         Spirit   .   (no helmet)
rElec    .         Reflect  .   (no cloak)
rCorr    .         Harm     .   (no gloves)
MR       .....                  r - +0 pair of boots
Stlth    ++........             (no amulet)
HPRegen  0.00/turn              b - ring of see invisible {sInv, !d}
MPRegen  0.11/turn              (no ring)

@: non-regenerating
A: damage resistance, heal wounds, sense surroundings 1, no regeneration
a: Heal Wounds


You were on level 3 of the Dungeon.
You were not hungry.

You visited 1 branch of the dungeon, and saw 3 of its levels.

You collected 120 gold pieces.

Inventory:

Hand Weapons
 e - a +0 club
   (You took it off a hobgoblin on level 1 of the Dungeon)
 l - a +0 dagger
   (You found it on level 1 of the Dungeon)
 s - a +1 vampiric halberd (weapon) {!w}
   (You took it off a gnoll on level 3 of the Dungeon)
Missiles
 t - 15 stones (quivered)
Armour
 g - a +0 leather armour (worn)
   (You found it on level 1 of the Dungeon)
 r - a +0 pair of boots (worn)
   (You found it on level 2 of the Dungeon)
Jewellery
 b - a ring of see invisible (left hand) {sInv, !d}
   (You found it on level 2 of the Dungeon)
Wands
 q - a wand of iceblast (10)
   (You found it on level 2 of the Dungeon)
Scrolls
 a - a scroll of magic mapping {unknown}
 f - 3 scrolls of identify
 h - 2 scrolls of blinking {unknown}
 j - a scroll of amnesia
 m - a scroll of fear {unknown}
 o - 4 scrolls of remove curse
 p - a scroll of noise {unknown}
Potions
 c - 2 potions of haste
 k - 2 potions of curing {unknown}
 n - a potion of degeneration {unknown}
Comestibles
 d - 9 rations


   Skills:
 + Level 0.5 Polearms
 - Level 2.1 Dodging
 - Level 2.4 Stealth
 - Level 3.3 Spellcasting
 - Level 0.8 Transmutations
 - Level 6.0 Earth Magic


You had 4 spell levels left.
You knew the following spells:

 Your Spells              Type           Power        Failure   Level  Hunger
a - Sandblast             Erth           ###...       1%          1    None
w - Passwall              Tmut/Erth      ##......     9%          2    ##.....
x - Stone Arrow           Conj/Erth      ##....       21%         3    ###....

Your spell library contained the following spells:

 Spells                   Type           Power        Failure   Level  Hunger
 Petrify                  Tmut/Erth      ##......     50%         4    ####...
 Lee's Rapid Deconstruct  Erth           ###.......   47%         5    ######.


Dungeon Overview and Level Annotations

Branches:
Dungeon (3/15)

Altars:
Dithmenos
Trog
Wu Jian


Innate Abilities, Weirdness & Mutations

You are resistant to damage.
You can heal yourself by infusing magical energy.
You passively map a small area around you.
You do not regenerate.


Message History

You see here a stone.
You take 1 damage, and have 26/36 hp.
MP restored: 8 The goblin shoots a stone.
The stone barely misses you.
Attack whom?
Aim: a goblin, wielding a +0 hunting sling You reach to attack!
You barely miss the goblin.
The goblin unwields a +0 hunting sling.
The goblin wields a +0 dagger.
The goblin hits you but does no damage.
Attack whom?
Aim: a goblin, wielding a +0 dagger You closely miss the goblin.
The goblin hits you but does no damage.
You barely miss the goblin. The goblin completely misses you.
The goblin hits you with a +0 dagger.
You slash the goblin!
You kill the goblin!
t - a stone
t - 2 stones (gained 1)
t - 15 stones (gained 13)
Things that are here:
a +0 dagger; a +0 hunting sling; a goblin corpse
d - 9 rations (gained 1)
A rock wall.
You begin to meditate on the wall.
You continue meditating on the rock. x2
You finish merging with the rock.
You now have 6/8 mp.
You open the door.
There is an open door here.
An adder comes into view.
The adder hisses angrily.
You see here 5 gold pieces.
There isn't anything to butcher here.
Unknown command.
Attack whom?
Aim: an adder You reach to attack!
You barely miss the adder. The adder bites you but does no damage.
You closely miss the adder. The adder barely misses you.
The adder closely misses you.
You barely miss the adder. The adder bites you but does no damage.
The adder closely misses you.
Attack whom?
Aim: an adder You closely miss the adder.
The adder bites you. The adder misses you.
MP restored: 8 You puncture the adder!
You kill the adder!
You have reached level 5!
You regained 4 hp, and now have 30/42 hp.
MP restored: 9 You now have 120 gold pieces (gained 5).
A rock wall.
You begin to meditate on the wall.
You continue meditating on the rock. x2
You finish merging with the rock.
A goblin comes into view. It is wielding a +0 dagger.
You now have 7/9 mp.
The goblin shouts!
An orc comes into view. It is wielding a +0 hand axe.
As you read the scroll of enchant weapon, it crumbles to dust.
Your +0 vampiric halberd {!w} glows red for a moment.
The orc shouts!
Attack whom?
Aim: a goblin, wielding a +0 dagger You barely miss the goblin.
The goblin hits you with a +0 dagger. The goblin hits you but does no damage.
You closely miss the goblin. The orc hits you but does no damage.
The goblin barely misses you.
You closely miss the goblin. The goblin hits you but does no damage.
The orc closely misses you.
An ice beast comes into view.
The goblin hits you but does no damage.
You barely miss the goblin. The orc hits you with a +0 hand axe.
The goblin hits you with a +0 dagger. The orc closely misses you.
You barely miss the goblin. The goblin hits you but does no damage.
The goblin hits you with a +0 dagger.
You closely miss the goblin. The goblin hits you but does no damage.
You hit the goblin.
You feel better. The goblin closely misses you.
You regained 2 hp, and now have 32/42 hp.
MP restored: 9 You closely miss the goblin.
The goblin barely misses you. x2
You closely miss the goblin. The goblin barely misses you.
You hit the goblin.
You kill the goblin!
The ice beast hits you but does no damage.
You closely miss the ice beast. The ice beast hits you.
The ice beast freezes you!
You take 8 damage, and have 24/42 hp.
Okay, then.
You hit the ice beast. The ice beast barely misses you. x2
You barely miss the ice beast. The ice beast hits you.
The ice beast freezes you!
You take 11 damage, and have 13/42 hp.
MASSIVE DAMAGE!!
Aim: an ice beast The stone arrow hits the ice beast!
The ice beast barely misses you.
You now have 6/9 mp.
Aim: an ice beast (moderately wounded)
The stone arrow hits the ice beast.
The ice beast hits you.
* * * LOW HITPOINT WARNING * * *
The ice beast freezes you!
You die...

,, * *#.....####* # *
,*#....... .. *## *
*#.....### #.##. * * *
##.......# #.... ,, ,
,#........# ####. *###
####..#.###.# ## ...
..#..#.###.# # #.#
#.#..#..##.# #
#..##@#..##.##.## ##
##...#Y#..##.##..# ##.
, #.....o#.........#
##.. *
##...#.#.....###'###...
,##.##.#######.P...#...
, ... ... ,#...⌠...#..
, * ... ..##
###....P..... , #.###,
### #.##_[_P_##.. #*
#.###..##.#..


You could see an ice beast and an orc.

Vanquished Creatures
  5 adders
  3 gnolls (D:3)
  2 oozes
  3 worms (D:2)
  2 dart slugs
  A leopard gecko (D:1)
  2 giant cockroaches
  6 goblins
  6 hobgoblins
  3 jackals (D:2)
  5 kobolds
  A ball python (D:1)
  3 bats
  4 frilled lizards
  5 rats
51 creatures vanquished.

Notes
Turn   | Place    | Note
-------+----------+-------------------------------------------
     0 | D:1      | Irenicus the Deep Dwarf Earth Elementalist began the quest
                  | for the Orb.
     0 | D:1      | Reached XP level 1. HP: 15/15 MP: 3/3
   109 | D:1      | Reached skill level 2 in Spellcasting
   195 | D:1      | Reached XP level 2. HP: 22/22 MP: 3/5
   202 | D:1      | Learned a level 2 spell: Passwall
   630 | D:2      | Reached XP level 3. HP: 28/28 MP: 0/6
   697 | D:2      | Reached skill level 5 in Earth Magic
   949 | D:2      | Reached XP level 4. HP: 29/36 MP: 0/8
  1032 | D:3      | Found a bloodstained altar of Trog.
  1035 | D:3      | Found an ornate altar of the Wu Jian Council.
  1035 | D:3      | Found a shadowy altar of Dithmenos.
  1060 | D:2      | Learned a level 3 spell: Stone Arrow
  1099 | D:2      | Reached skill level 3 in Spellcasting
  1339 | D:3      | Reached skill level 6 in Earth Magic
  1475 | D:3      | Reached XP level 5. HP: 30/42 MP: 9/9
  1495 | D:3      | Noticed an ice beast
  1509 | D:3      | HP: 10/42 [ice beast (3)]
  1509 | D:3      | Slain by an ice beast

Skill      XL: |  1  2  3  4 |
---------------+-------------+-----
Spellcasting   | 2 3 |  3.3
Earth Magic    | 5 6 |  6.0
Polearms       | |  0.5
Dodging        | |  2.1
Stealth        | |  2.4
Transmutations | |  0.8

Action                   |  1- 3 |  4- 6 || total
-------------------------+-------+-------++-------
Melee: Club              |     6 |       ||     6
       Dagger            |    38 |    32 ||    70
       Halberd           |       |    22 ||    22
 Cast: Sandblast         |    46 |     3 ||    49
       Passwall          |     2 |     8 ||    10
       Stone Arrow       |       |     8 ||     8
Evoke: Wand              |       |     1 ||     1
  Use: Scroll            |     3 |     2 ||     5
 Stab: Sleeping          |     2 |     3 ||     5
  Eat: Chunk             |       |     3 ||     3
       Ration            |       |     2 ||     2
Armor: Robe              |     2 |       ||     2
       Leather armour    |    12 |    21 ||    33
Dodge: Dodged            |    44 |    37 ||    81

Levels and vault maps discovered:
D:1:      psy_arrival_terrarium, layout_loops_cross
D:2:      layout_basic, first_ration
D:3:      layout_loops_corners, gammafunk_temple_overflow_forgotten

Table legend:
 A = Turns spent in this place as a percentage of turns spent in the entire game.
 B = Non-inter-level travel turns spent in this place as a percentage of non-inter-level travel turns spent in the entire game.
 C = Inter-level travel turns spent in this place as a percentage of turns spent in this place.
 D = Turns resting spent in this place as a percentage of non-inter-level travel turns spent in this place.
 E = Turns spent auto-exploring this place as a percentage of non-inter-level travel turns spent in this place.
 F = Non-inter-level travel turns spent in this place divided by the number of levels of this place that you've seen.
                   A       B       C       D       E      F
               +-------+-------+-------+-------+-------+----------------------
         Total | 100.0 | 100.0 |   0.9 |   0.0 |   0.0 | 498.3
       Dungeon | 100.0 | 100.0 |   0.9 |   0.0 |   0.0 | 498.3
               +-------+-------+-------+-------+-------+----------------------

Table legend:
 A = Kills in this place as a percentage of kills in entire the game.
 B = Kills by you in this place as a percentage of kills by you in the entire game.
 C = Kills by friends in this place as a percentage of kills by friends in the entire game.
 D = Other kills in this place as a percentage of other kills in the entire game.
 E = Experience gained in this place as a percentage of experience gained in the entire game.
 F = Experience gained in this place divided by the number of levels of this place that you have seen.
                   A       B       C       D       E      F
               +-------+-------+-------+-------+-------+----------------------
         Total | 100.0 | 100.0 |   N/A |   N/A | 100.0 |  68.7
       Dungeon | 100.0 | 100.0 |   N/A |   N/A | 100.0 |  68.7
               +-------+-------+-------+-------+-------+----------------------
